 Dungeon Crawl Stone Soup version 0.18-a0-1121-gb454403 (webtiles) character file.

13 st0uf the Ruffian (level 2, -6/23 HPs)
             Began as a Draconian Transmuter on Jan 18, 2016.
             Mangled by a river rat (8 damage)
             ... on level 3 of the Dungeon.
             The game lasted 00:03:09 (591 turns).

st0uf the Ruffian (Draconian Transmuter)             Turns: 591, Time: 00:03:09

Health: -6/23      AC:  5    Str: 12    XL:     2   Next: 24%
Magic:  4/5        EV: 12    Int: 13    God:
Gold:   10         SH:  0    Dex: 11    Spells: 1 memorised, 4 levels left

rFire  . . .     SeeInvis .       - Unarmed
rCold  . . .     Gourm    .     (armour unavailable)
rNeg   . . .     Faith    .     (no shield)
rPois  .         Spirit   .     (helmet restricted)
rElec  .         Dismiss  .     (no cloak)
rCorr  .         Reflect  .     i - +0 pair of gloves
SustAt .         Harm     .     (no boots)
MR     .....                    (no amulet)
Stlth  +.........               (no ring)
                                (no ring)

@: appendage, not resistant to hostile enchantments, very unstealthy
A: unfitting armour, horns 2, cold-blooded, AC +4
a: End Transformation


You were on level 3 of the Dungeon.
You were not hungry.
You had grown temporary horns.
You visited 1 branch of the dungeon, and saw 4 of its levels.

You collected 10 gold pieces.

Inventory:

Missiles
 a - 12 arrows
Armour
 i - a +0 pair of gloves (worn)
Scrolls
 g - a scroll of random uselessness {unknown}
 h - a scroll of identify {unknown}
Potions
 d - a potion of brilliance {unknown}
 e - a potion of ambrosia {unknown}
 j - a potion of curing {unknown}
 k - a potion of lignification {unknown}
Books
 b - a book of Changes

   Spells                             Type                      Level
   a - Beastly Appendage              Transmutation                1
   b - Sticks to Snakes               Transmutation                2
   c - Spider Form                    Transmutation/Poison         3
   d - Ice Form                       Ice/Transmutation            4
   e - Blade Hands                    Transmutation                5
Comestibles
 c - a bread ration
 f - a meat ration
 l - 4 chunks of flesh


   Skills:
 + Level 1.1 Fighting
 + Level 1.9 Dodging
 * Level 3.3 Unarmed Combat
 + Level 2.2 Spellcasting
 * Level 2.1 Transmutations


You had 4 spell levels left.
You knew the following spells:

 Your Spells              Type           Power        Failure   Level  Hunger
a - Beastly Appendage     Trmt           #.....       12%         1    ##.....


Dungeon Overview and Level Annotations

Branches:
Dungeon (4/15)
 Temple: D:4-7

Altars:

Annotations:
D:4 Grinder


Innate Abilities, Weirdness & Mutations

Your plain brown scales are hard (AC +4).
Your body does not fit into most forms of armour.
You are cold-blooded and may be slowed by cold attacks.
You have a pair of horns on your head.


Message History

The river rat closely misses you.
You hit the river rat but do no damage. Your kick misses the river rat.
The river rat is almost dead.
The river rat bites you!
You barely miss the river rat.
The river rat is almost dead.
The river rat twitches its whiskers.
The river rat barely misses you.
You barely miss the river rat. You claw the river rat.
The river rat is almost dead.
The river rat barely misses you.
You hit the river rat but do no damage.
The river rat is almost dead.
Your talons disappear.
The river rat bites you.
* * * LOW HITPOINT WARNING * * *
Casting: Beastly Appendage
Confirm with . or Enter, or press ? or * to list all spells.
You grow a pair of large bovine horns.
The river rat bites you!
You die...

#.. .# ## #..# ###.. .
#..# ##...# ##
#..####..... .. #.....#...
#. #.....#.######## #.
#..............####.
#..@....#...........
##r#.#..#.####.####.
#.b#.#..#.#..#.#....
.........#.#..#.#..#.##.#.
........##.#..#.#.)#.##.#.
...........#..#.#.......#.
........####..#.#....####.
...##.... ...######## ##
≈.. #...#


You could see a river rat and a bat.

Vanquished Creatures
  A giant cockroach (D:1)
  4 goblins
  A hobgoblin (D:1)
  A kobold (D:1)
  5 rats
12 creatures vanquished.

Notes
Turn   | Place    | Note
--------------------------------------------------------------
     0 | D:1      | st0uf the Draconian Transmuter began the quest for the Orb.
     0 | D:1      | Reached XP level 1. HP: 16/16 MP: 3/3
   225 | D:1      | Reached XP level 2. HP: 10/23 MP: 3/5
   536 | D:4      | Noticed Grinder
   591 | D:3      | Mangled by a river rat

Vault maps used:
D:1:      lightli_arrival_statuegarden
D:2:      kennysheep_big_flooded_room, nicolae_overflow_hidden_temple
D:3:      portal_sewer_entry_a, first_bread, minmay_bisected
D:4:      uniq_grinder, uniq_duvessa

Action                   || total
-------------------------++-------
Melee: Unarmed           ||    54
 Cast: Beastly Appendage ||    13
